 Dungeon Crawl Stone Soup version 0.30-a0-50-gb2d611f6b1 (webtiles) character file.

Game seed: 10836805756618349095

1486 jlumianski the Chopper (level 8, -1/96 HPs)
             Began as a Demonspawn Gladiator on Sept 4, 2022.
             Was an Initiate of Qazlal.
             Slain by RandomusNamus's ghost (15 damage)
             ... on level 6 of the Dungeon.
             The game lasted 00:21:07 (6468 turns).

jlumianski the Chopper (Demonspawn Gladiator)       Turns: 6468, Time: 00:21:08

Health: -1/96      AC: 24    Str: 17    XL:     8   Next: 50%
Magic:  8/8        EV:  2    Int:  9    God:    Qazlal [......]
Gold:   277        SH:  0    Dex: 13    Spells: 7/7 levels left

rFire   . . .      SeeInvis .    K - +0 broad axe (elec)
rCold   . . .      Faith    .    (no shield)
rNeg    . . .      Spirit   .    (body armour currently unavailable)
rPois   +          Reflect  .    (helmet currently unavailable)
rElec   .          Harm     .    (cloak currently unavailable)
rCorr   +          Rampage  .    (gloves currently unavailable)
Will    .....      NoTele   +    (boots currently unavailable)
Stlth   ++........               J - amulet of the acrobat
HPRegen 0.26/turn                x - ring of resist corrosion
MPRegen 0.11/turn                (no ring)

@: tree-form
A: stationary, stasis, torment immunity, boosted hp, rugged brown scales 2,
demonic guardian 1, (spiny 2), (weakness stinger 1), clumsy 1, sense
surroundings 1
a: Renounce Religion


You were on level 6 of the Dungeon.
You worshipped Qazlal.
Qazlal was noncommittal.
You were a tree.
You visited 2 branches of the dungeon, and saw 8 of its levels.

You collected 277 gold pieces.

Inventory:

Hand Weapons
 a - a +1 war axe
 t - a +0 short sword
 u - a +2 dagger of draining
 v - a +1 vorpal mace
 z - a +3 short sword of venom
 D - a +1 vorpal trident
 E - a +3 battleaxe of freezing
 K - a +0 broad axe of electrocution (weapon)
Missiles
 d - 3 throwing nets
 e - 5 javelins
 f - 96 stones
 g - 3 curare-tipped darts
 s - 6 poisoned darts (quivered)
 y - 2 boomerangs
Armour
 b - a +0 leather armour
 c - a +2 helmet (melded)
 r - a +0 scale mail
 w - a +0 chain mail (melded)
Jewellery
 x - a ring of resist corrosion (left branch)
 J - an amulet of the acrobat (around neck)
Wands
 m - a wand of iceblast (9)
 F - a wand of light (5)
Scrolls
 h - 3 scrolls of fear
 j - a scroll of noise
 k - a scroll of torment
 p - a scroll of vulnerability {unknown}
Potions
 i - 2 potions of degeneration
 l - 3 potions of haste
 o - 4 potions of flight
 q - a potion of magic {unknown}
 A - 2 potions of curing {unknown}
 B - 2 potions of mutation
 C - a potion of heal wounds {unknown}
 G - a potion of ambrosia {unknown}
 H - a potion of brilliance {unknown}


   Skills:
 + Level 4.5 Fighting
 + Level 7.4 Axes
 + Level 2.0 Throwing
 + Level 4.3 Armour
 + Level 3.9 Dodging
 - Level 1.1 Stealth


You had 7 spell levels left.
You didn't know any spells.
Your spell library contained the following spells:

 Spells                   Type           Power      Damage    Failure   Level
 Poisonous Vapours        Pois/Air       0%         N/A       52%         2
 Scorch                   Fire           0%         2d5       52%         2
 Ozocubu's Armour         Ice            0%         N/A       77%         3
 Portal Projectile        Hex/Tloc       0%         N/A       77%         3
 Tukima's Dance           Hex            0%         N/A       77%         3
 Corpse Rot               Necr/Pois/Air  0%         N/A       99%         4
 Flame Wave               Conj/Fire      0%         2d4       99%         4
 Blade Hands              Tmut           0%         N/A       100%        5
 Fireball                 Conj/Fire      0%         3d3       100%        5
 Iskenderun's Battlesphe  Conj           0%         2d6       100%        5
 Metabolic Englaciation   Hex/Ice        0%         N/A       100%        5
 Conjure Ball Lightning   Conj/Air       0%         3x3d6     100%        6
 Simulacrum               Ice/Necr       0%         N/A       100%        6
 Summon Cactus Giant      Summ           0%         N/A       100%        6
 Orb of Destruction       Conj           0%         9d5       100%        7


Dungeon Overview and Level Annotations

Branches:
Dungeon (7/15)             Temple (1/1) D:4

Altars:
Ashenzari
Cheibriados
Dithmenos
Fedhas
Gozag
Hepliaklqana
Kikubaaqudgha
Makhleb
Nemelex Xobeh
Okawaru
Qazlal
Ru
Sif Muna
Trog
Uskayaw
Vehumet
Wu Jian
Xom
Yredelemnul

Annotations:
D:6 1 runed translucent door, RandomusNamus's ghost, novice TrCA


Innate Abilities, Weirdness & Mutations

You are a tree.
Your roots penetrate the ground, keeping you stationary.
You cannot be teleported.
You are immune to unholy pain and torment.
Your maximum health is greatly increased.
Your equipment is partially melded.
(You are mostly covered in rugged brown scales. (AC +2, +5% HP))
A weak demonic guardian rushes to your aid.
((You are mostly covered in sharp spines.))
((You have a small tail.))
You are clumsy. (Dex -2)
You passively map a small area around you.


Message History

Your unstable footing causes you to fumble your attack.
Your iron imp barely misses RandomusNamus's ghost.
RandomusNamus's ghost hits you!
* * * LOW HITPOINT WARNING * * *
Your unstable footing causes you to fumble your attack.
Your iron imp completely misses RandomusNamus's ghost.
RandomusNamus's ghost hits you!
* * * LOW HITPOINT WARNING * * *
A demonic guardian appears!
Your iron imp disappears in a puff of smoke!
Your iron imp splashes around in the water.
RandomusNamus's ghost is struck by your spines.
RandomusNamus's ghost completely misses you.
There is an open translucent door here.
Really quaff the potion of lignification? [Y]es or [N]o only, please.
Really quaff the potion of lignification? [Y]es or [N]o only, please.
Really quaff the potion of lignification?
You turn into a tree.
Your +2 helmet melds into your body.
Your +0 chain mail melds into your body.
Your roots penetrate the ground.
Your iron imp barely misses RandomusNamus's ghost.
RandomusNamus's ghost hits you.
* * * LOW HITPOINT WARNING * * *
You slash RandomusNamus's ghost!
Lightning courses through RandomusNamus's ghost!
RandomusNamus's ghost is almost destroyed.
RandomusNamus's ghost hits you but does no damage.
Your iron imp hits RandomusNamus's ghost but does no damage.
You catch the helpless RandomusNamus's ghost completely off-guard!
You hit RandomusNamus's ghost.
RandomusNamus's ghost is almost destroyed.
RandomusNamus's ghost hits you.
* * * LOW HITPOINT WARNING * * *
You closely miss RandomusNamus's ghost.
RandomusNamus's ghost is almost destroyed.
Your iron imp closely misses RandomusNamus's ghost.
RandomusNamus's ghost hits you!
You die...

##....###.# #.####
#..#.....# #....# #....#####
####.# ######.#.## #.#
...<...#.# ####.# ......##.#
#....#
###.#.##############.####
#.#.#~~~~~~~~~#.##.# #
#...+~~~~$~~~W♣....# #
###.#.#~~~~~~~~5#.##.# #
....#.##############.# #
....#..# #.# # .......# #†#
# ...###.# #.# # ...# #.#
##### #.# # .#.#
#.###...#######.############
.#.#
#.........................##


You could see RandomusNamus's ghost (ally target) and a friendly iron imp
(summoned).

Vanquished Creatures
  A steam dragon (D:6)
  A black bear (D:5)
  An ogre (D:6)
  3 phantoms
  A kobold brigand (D:6)
  3 bullfrogs (D:6)
  2 scorpions
  A howler monkey (D:5)
  A jelly (D:4)
  An orc priest (D:5)
  A hound (D:5)
  Jessica (D:2)
  5 iguanas
  5 orc wizards
  5 adders
  A white imp (D:6)
  An ufetubus (D:6)
  A worm (D:3)
  3 dart slugs
  14 orcs
  12 ball pythons
  10 endoplasms
  4 giant cockroaches
  9 goblins
  7 hobgoblins
  A jackal (D:3)
  6 quokkas
  8 bats
  4 frilled lizards
  17 kobolds
  7 rats
  A bush (D:3)
138 creatures vanquished.

Vanquished Creatures (collateral kills)
  2 kobolds (D:6)
2 creatures vanquished.

Vanquished Creatures (others)
  11 plants (D:3)
11 creatures vanquished.

Grand Total: 151 creatures vanquished

Notes
Turn   | Place    | Note
-------+----------+-------------------------------------------
     0 | D:1      | jlumianski the Demonspawn Gladiator began the quest for the
                  | Orb.
     0 | D:1      | Reached XP level 1. HP: 16/16 MP: 1/1
   175 | D:2      | Noticed Jessica
   184 | D:1      | Reached skill level 3 in Axes
   184 | D:1      | Gained mutation: You are partially covered in sharp spines.
                  | [demonic ancestry]
   184 | D:1      | Reached XP level 2. HP: 22/22 MP: 2/2
   453 | D:1      | Gained mutation: You are partially covered in rugged brown
                  | scales. (AC +1, +3% HP) [demonic ancestry]
   453 | D:1      | Reached XP level 3. HP: 21/27 MP: 3/3
   772 | D:2      | Killed Jessica
   775 | D:2      | Reached XP level 4. HP: 23/35 MP: 4/4
   897 | D:2      | Found a faded altar of an unknown god.
  1360 | D:2      | Reached skill level 4 in Axes
  1561 | D:3      | Found a sacrificial altar of Ru.
  1861 | D:3      | Reached skill level 1 in Armour
  1861 | D:3      | Gained mutation: A weak demonic guardian rushes to your
                  | aid. [demonic ancestry]
  1861 | D:3      | Reached XP level 5. HP: 26/40 MP: 5/5
  3214 | D:3      | Gained mutation: You are mostly covered in sharp spines.
                  | [demonic ancestry]
  3214 | D:3      | Reached XP level 6. HP: 47/47 MP: 6/6
  3221 | D:5      | Entered Level 5 of the Dungeon
  3234 | D:4      | Gained mutation: You are clumsy. (Dex -2) [potion of
                  | mutation]
  3234 | D:4      | Gained mutation: You occasionally lose the ability to read
                  | scrolls when taking damage. [potion of mutation]
  3234 | D:4      | Gained mutation: You have sharp fingernails. [potion of
                  | mutation]
  3235 | D:4      | Lost mutation: You occasionally lose the ability to read
                  | scrolls when taking damage. [potion of mutation]
  3235 | D:4      | Lost mutation: You have sharp fingernails. [potion of
                  | mutation]
  3235 | D:4      | Gained mutation: You passively map a small area around you.
                  | [potion of mutation]
  3240 | D:4      | Found a staircase to the Ecumenical Temple.
  3245 | Temple   | Entered the Ecumenical Temple
  3597 | D:4      | Reached skill level 5 in Axes
  3854 | D:4      | Found an opulent altar of Gozag.
  4455 | D:6      | Noticed a steam dragon
  4739 | D:5      | Gained mutation: You are mostly covered in rugged brown
                  | scales. (AC +2, +5% HP) [demonic ancestry]
  4739 | D:5      | Reached XP level 7. HP: 45/54 MP: 7/7
  4827 | D:5      | Found a radiant altar of Vehumet.
  4848 | D:5      | Reached skill level 6 in Axes
  5010 | D:5      | Identified a scroll of acquirement
  5010 | D:5      | Acquired a +2 battleaxe of freezing
  5444 | D:6      | Noticed RandomusNamus's ghost (novice TrCA)
  5446 | D:6      | Found a runed translucent door.
  5487 | D:6      | Killed a steam dragon
  5488 | D:6      | Reached skill level 1 in Stealth
  5488 | D:6      | Gained mutation: You have a small tail. [demonic ancestry]
  5488 | D:6      | Reached XP level 8. HP: 39/63 MP: 8/8
  5715 | D:6      | Reached skill level 7 in Axes
  5836 | D:6      | Found a runed translucent door.
  6074 | D:6      | Found an ornate altar of the Wu Jian Council.
  6080 | D:6      | Found a shimmering blue altar of Sif Muna.
  6087 | D:6      | Found a burning altar of Makhleb.
  6094 | D:6      | Found a stormy altar of Qazlal.
  6098 | D:6      | Became a worshipper of Qazlal Stormbringer
  6104 | D:6      | Found a broken altar of Ashenzari.
  6113 | D:6      | Found an ancient bone altar of Kikubaaqudgha.
  6122 | D:6      | Found a blossoming altar of Fedhas.
  6291 | D:6      | Found a basalt altar of Yredelemnul.
  6468 | D:6      | Slain by RandomusNamus's ghost

Illustrated notes

Levels and vault maps discovered:
D:1:      wander_arrival_lonely_grave, layout_loops_ring
D:2:      layout_basic, nicolae_ecumenical_snake_handling,
          minmay_misc_feat_nine_boxes, minmay_misc_feat_encased,
          minmay_goblin_kobold_house, uniq_jessica
D:3:      minmay_razor_zed, layout_basic, nicolae_ru_sacrificial_ziggurat,
          serial_forest, infiniplex_forest_corner_1,
          infiniplex_forest_lined_room_2, infiniplex_forest_clump_small,
          infiniplex_forest_lined_corner, infiniplex_forest_end_2,
          infiniplex_forest_join, infiniplex_forest_clump_small,
          infiniplex_forest_fountain
D:4:      layout_basic, mainiacjoe_overflow_brackets,
          minmay_temple_entry_statues_pillars
D:5:      layout_basic, lemuel_tele_altar
D:6:      layout_loops_ring, overflow_temple_1_default,
          grunt_temple_overflow_octagram, elyvilon_altar_1,
          ebering_ghost_sewer_f
D:7:      layout_gridville
Temple:   jpeg_temple_alley_garden

Skill      XL: |  1  2  3  4  5  6  7  8 |
---------------+-------------------------+-----
Axes           | 3 4 5 6 7 |  7.4
Dodging        | 3 |  3.9
Armour         | 1 2 3 4 |  4.3
Fighting       | 3 4 |  4.5
Stealth        | 1 |  1.1
Throwing       | 2 |  2.0

Action                   |  1- 3 |  4- 6 |  7- 9 || total
-------------------------+-------+-------+-------++-------
Melee: War axe           |    69 |   207 |    21 ||   297
       Punch             |       |     5 |     1 ||     6
       Battleaxe         |       |       |    29 ||    29
       Broad axe         |       |       |    33 ||    33
       Tailslap          |       |       |     4 ||     4
Throw: Stone             |       |     2 |       ||     2
       Dart              |       |       |     4 ||     4
  Use: Scroll            |     4 |     6 |     5 ||    15
       Potion            |       |     3 |     1 ||     4
 Stab: Sleeping          |     1 |       |       ||     1
       Distracted        |       |       |     1 ||     1
Armor: Leather armour    |    29 |     8 |       ||    37
       Scale mail        |       |    17 |       ||    17
       Chain mail        |       |    34 |    46 ||    80
       Skin              |       |       |     1 ||     1
Dodge: Dodged            |    50 |    44 |    44 ||   138

Table legend: (Time is in decaauts)
 A = Elapsed time spent in this place.
 B = Non-inter-level travel time spent in this place.
 C = Inter-level travel time spent in this place.
 D = Time resting spent in this place.
 E = Time spent auto-exploring this place.
 F = Levels seen in this place.
 G = Mean time per level.
                   A        B        C        D        E       F      G
               +--------+--------+--------+--------+--------+-----+--------+
         Total |   6588 |   6511 |     77 |    424 |   3527 |   8 |  823.5 |
       Dungeon |   6341 |   6264 |     77 |    424 |   3428 |   7 |  905.9 |
        Temple |    246 |    246 |      0 |      0 |     99 |   1 |  246.0 |
               +--------+--------+--------+--------+--------+-----+--------+

Top non-repeatable levels by time:
     D:3: 1754 daAuts
     D:6: 1148 daAuts
     D:5: 1122 daAuts
     D:4: 779 daAuts
     D:1: 770 daAuts
     D:2: 765 daAuts
  Temple: 246 daAuts
     D:7: 1 daAuts
